 Dungeon Crawl Stone Soup version 0.30-a0-953-g5f1da4a474 (webtiles) character file.

Game seed: 8827351608827776097

660 mistaj the Trooper (level 7, -10/39 HPs)
             Began as a Vine Stalker Fighter on Mar 28, 2023.
             Was a Follower of Cheibriados.
             Mangled by a gnoll
             ... wielding a +1 heavy halberd
             ... led by a gnoll sergeant
              (17 damage)
             ... on level 5 of the Dungeon.
             The game lasted 00:06:59 (3277 turns).

mistaj the Trooper (Vine Stalker Fighter)           Turns: 3277, Time: 00:06:59

Health: -10/39     AC: 13    Str: 24    XL:     7   Next: 56%
Magic:  0/8        EV:  2    Int: 11    God:    Cheibriados [*.....]
Gold:   248        SH: 13    Dex: 16    Spells: 6/6 levels left

rFire   . . .      SeeInvis .    h - +4 broad axe (heavy)
rCold   . . .      Faith    .    v - +0 tower shield
rNeg    . . .      Spirit   +    f - +1 plate armour
rPois   .          Reflect  .    j - +0 helmet
rElec   .          Rampage  .    (no cloak)
rCorr   .                        (no gloves)
Will    .....                    (no boots) Stlth
                                 (no amulet)
HPRegen 1.06/turn                (no ring)
MPRegen 0.11/turn                (no ring)

@: very slow
A: fangs 2, regeneration 1, magic shield, antimagic bite, no potion heal 2
a: Renounce Religion, Bend Time


You were on level 5 of the Dungeon.
You worshipped Cheibriados.
Cheibriados was aware of your devotion.
You visited 1 branch of the dungeon, and saw 5 of its levels.

You collected 248 gold pieces.

Inventory:

Hand Weapons
 a - a +1 war axe of freezing
 h - a +4 heavy broad axe (weapon)
 w - a +1 halberd of flaming
Missiles
 c - a throwing net (quivered)
Armour
 f - a +1 plate armour (worn)
 j - a +0 helmet (worn)
 v - a +0 tower shield (worn)
Jewellery
 m - a ring of ice
Wands
 x - a wand of digging (6)
Scrolls
 b - a scroll of blinking
 q - 2 scrolls of fog
 t - a scroll of enchant armour
Potions
 d - 4 potions of might
 e - 4 potions of curing
 g - a potion of berserk rage
 k - a potion of heal wounds {unknown}
 o - 2 potions of brilliance {unknown}
 p - a potion of ambrosia {unknown}
 r - a potion of attraction {unknown}
 s - a potion of resistance {unknown}
 u - a potion of flight {unknown}
 z - a potion of lignification {unknown}


   Skills:
 + Level 5.4 Fighting
 + Level 5.0 Axes
 - Level 2.4 Armour
 + Level 4.0 Shields


You had 6 spell levels left.
You didn't know any spells.
Your spell library contained the following spells:

 Spells                   Type           Power      Damage    Failure   Level
 Magic Dart               Conj           0%         1d3       100%        1
 Call Imp                 Summ           0%         N/A       100%        2
 Ensorcelled Hibernation  Hex/Ice        0%         N/A       100%        2
 Passwall                 Tmut/Erth      0%         N/A       100%        2
 Inner Flame              Hex/Fire       0%         N/A       100%        3
 Mephitic Cloud           Conj/Pois/Air  0%         N/A       100%        3
 Ozocubu's Armour         Ice            0%         N/A       100%        3
 Swiftness                Air            0%         N/A       100%        3
 Cause Fear               Hex            0%         N/A       100%        4
 Arcjolt                  Conj/Air       0%         1d10      100%        5
 Fireball                 Conj/Fire      0%         3d3       100%        5
 Iskenderun's Battlesphe  Conj           0%         2d6       100%        5
 Conjure Ball Lightning   Conj/Air       0%         3x3d6     100%        6
 Orb of Destruction       Conj           0%         9d5       100%        7
 Ozocubu's Refrigeration  Ice            0%         4d7       100%        7
 Discord                  Hex            0%         N/A       100%        8


Dungeon Overview and Level Annotations

Branches:
Dungeon (5/15)             Temple (0/1) D:4

Altars:
Ashenzari
Cheibriados
Fedhas
Gozag
Hepliaklqana
Makhleb

Shops:
D:1 :   D:2 [

Annotations:
D:3 3 runed translucent doors, SpyderV's ghost, amateur MiFi


Innate Abilities, Weirdness & Mutations

You have extremely sharp teeth.
Your natural rate of healing is unusually fast.
When hurt, damage is shared between your health and your magic reserves.
Your bite disrupts and absorbs the magic of your enemies.
Potions cannot restore your health.


Message History

The gnoll shouts!
You block the gnoll sergeant's attack.
You slash the gnoll sergeant!
The gnoll sergeant is heavily wounded.
You block the gnoll sergeant's attack.
You slash the gnoll sergeant!
The gnoll sergeant is severely wounded.
A gnoll comes into view. It is wielding a +0 spear.
You block the gnoll sergeant's attack.
The gnoll sergeant hits you with a +0 spear!
The gnoll hits you but does no damage. You block the gnoll's attack.
The gnoll hits you but does no damage.
The gnoll sergeant hits you with a +0 spear!
The gnoll attacks as you move away! You block the gnoll's attack.
You block the gnoll sergeant's attack. The gnoll attacks as you move away!
The gnoll hits you with a +0 club.
You see here a +0 club.
The gnoll sergeant hits you from afar with a +0 spear!
The gnoll sergeant hits you with a +0 spear.
You block the gnoll's attack.
You slice the gnoll sergeant!!
You kill the gnoll sergeant!
Cheibriados appreciates the change of pace.
You block the gnoll's attack.
Your Axes skill increases to level 5!
Your Shields skill increases to level 4!
You block the gnoll's attack. x2
The gnoll hits you from afar with a +0 spear.
Things that are here:
a +0 spear; a +0 ring mail; a +0 club You slash the gnoll!
The gnoll is almost dead.
The gnoll hits you but does no damage. You block the gnoll's attack. x2
The gnoll hits you but does no damage. You block the gnoll's attack.
The gnoll hits you with a +1 heavy halberd!
The gnoll hits you from afar with a +0 spear. x2
* * * LOW HITPOINT WARNING * * *
The gnoll attacks as you move away!
The gnoll hits you with a +1 heavy halberd!!
You die...

#.### #.# #.# #.# #.# #..
#.# #### #.# ...
##########.# ###.###
#..........# #.....#
###.##############g#.#.##
....# #....)...@gg.....#
.#### #.#########g#.#).#
.# ##.###### #......#
.######.......# ###.##.#
........)####.# .#
.#######.# .. .# #.# g#)
.# #)# .##. .# #.# .# ##


You could see 4 gnolls.

Vanquished Creatures
  2 black bears
  A gnoll sergeant (D:5)
  A scorpion (D:4)
  A howler monkey (D:4)
  A crimson imp (D:4)
  A jelly (D:4)
  A hound (D:4)
  An orc priest (D:4)
  An orc wizard (D:4)
  4 gnolls
  6 adders
  A white imp (D:4)
  2 dart slugs
  4 orcs
  4 ball pythons
  5 endoplasms
  4 giant cockroaches
  6 goblins
  7 hobgoblins
  4 quokkas
  6 bats
  2 frilled lizards (D:1)
  9 kobolds
  A rat (D:2)
75 creatures vanquished.

Vanquished Creatures (others)
  13 plants (D:4)
13 creatures vanquished.

Grand Total: 88 creatures vanquished

Notes
Turn   | Place    | Note
-------+----------+-------------------------------------------
     0 | D:1      | mistaj the Vine Stalker Fighter began the quest for the
                  | Orb.
     0 | D:1      | Reached XP level 1. HP: 11/11 MP: 2/2
   225 | D:1      | Reached XP level 2. HP: 16/16 MP: 3/3
   286 | D:1      | Found a faded altar of an unknown god.
   306 | D:1      | Found Ityhyor's Book Emporium.
   752 | D:2      | Reached XP level 3. HP: 20/20 MP: 4/4
   830 | D:2      | Found a broken altar of Ashenzari.
   952 | D:2      | Found Acifum's Armour Shoppe.
  1161 | D:2      | Identified a scroll of acquirement
  1161 | D:2      | Acquired a +3 heavy broad axe
  1393 | D:2      | Gained mutation: Your natural rate of healing is unusually
                  | fast. [Vine Stalker growth]
  1393 | D:2      | Reached XP level 4. HP: 24/24 MP: 5/5
  1547 | D:3      | Found a runed translucent gate.
  1547 | D:3      | Found a runed translucent gate.
  1547 | D:3      | Found a runed translucent gate.
  1547 | D:3      | Found an opulent altar of Gozag.
  1547 | D:3      | Noticed SpyderV's ghost (amateur MiFi)
  1671 | D:3      | Found a snail-covered altar of Cheibriados.
  1712 | D:3      | Became a worshipper of Cheibriados the Contemplative
  2013 | D:3      | Found a blossoming altar of Fedhas.
  2340 | D:4      | Reached XP level 5. HP: 29/29 MP: 6/6
  2368 | D:4      | Found a burning altar of Makhleb.
  2417 | D:4      | Reached * piety under Cheibriados
  2418 | D:4      | Reached XP level 6. HP: 34/34 MP: 7/7
  2433 | D:4      | Found a hazy altar of Hepliaklqana.
  2553 | D:4      | Got the Parchment of Air and Freezing
  2577 | D:4      | Found a staircase to the Ecumenical Temple.
  2646 | D:4      | Noticed a black bear
  2652 | D:4      | Killed a black bear
  2653 | D:4      | Reached skill level 5 in Fighting
  2653 | D:4      | Reached XP level 7. HP: 39/39 MP: 8/8
  3194 | D:5      | Entered Level 5 of the Dungeon
  3275 | D:5      | Reached skill level 5 in Axes
  3277 | D:5      | Mangled by a gnoll

Illustrated notes

Levels and vault maps discovered:
D:1:      dpeg_arrival_snail, layout_basic, hellmonk_ecumenical_altar_lost_god,
          serial_shops, nicolae_shop_crystal, minmay_misc_feat_doors
D:2:      minmay_wonky_spiral, layout_basic, serial_shops, shop_fountains,
          basic_altar
D:3:      layout_basic, mainiacjoe_overflow_cross_hatched, lemuel_doored_altar,
          ebering_ghost_gozag, minivault_24
D:4:      layout_basic, mainiacjoe_overflow_catwalk,
          nicolae_hepliaklqana_hazy_memory, tgw_xom, minmay_temple_entry_hall,
          corexii_shack, minmay_fire_ice_demons
D:5:      layout_loops_ring, kennysheep_mini_moat

Skill      XL: |  1  2  3  4  5  6  7 |
---------------+----------------------+-----
Axes           | 2 3 4 5 |  5.0
Fighting       | 3 4 5 |  5.4
Shields        | 3 4 |  4.0
Armour         | |  2.4

Action                     |  1- 3 |  4- 6 |  7- 9 || total
---------------------------+-------+-------+-------++-------
  Melee: War axe           |    80 |       |       ||    80
         Bite              |    19 |    17 |       ||    36
         Broad axe         |     5 |    68 |    13 ||    86
    Use: Scroll            |     9 |       |     4 ||    13
 Armour: Plate armour      |    75 |    80 |     9 ||   164
         Scale mail        |     2 |       |       ||     2
  Dodge: Dodged            |    22 |    20 |       ||    42
  Block: Buckler           |    25 |    11 |       ||    36
         Tower shield      |       |    50 |    24 ||    74

Table legend: (Time is in decaauts)
 A = Elapsed time spent in this place.
 B = Non-inter-level travel time spent in this place.
 C = Inter-level travel time spent in this place.
 D = Time resting spent in this place.
 E = Time spent auto-exploring this place.
 F = Levels seen in this place.
 G = Mean time per level.
                   A        B        C        D        E       F      G
               +--------+--------+--------+--------+--------+-----+--------+
         Total |   3882 |   3682 |    200 |    121 |   2672 |   5 |  776.4 |
       Dungeon |   3882 |   3682 |    200 |    121 |   2672 |   5 |  776.4 |
               +--------+--------+--------+--------+--------+-----+--------+

Top non-repeatable levels by time:
     D:4: 1157 daAuts
     D:3: 1044 daAuts
     D:2: 824 daAuts
     D:1: 730 daAuts
     D:5: 125 daAuts
